 Dungeon Crawl Stone Soup version 0.30.1-11-g7821555f0a (webtiles) character file.

Game seed: 16907694602233863553

788 Peloso the Covered (level 7, -2/61 HPs)
             Began as a Minotaur Fighter on Dec 17, 2023.
             Was a Follower of Okawaru.
             Killed from afar by an electric eel (6 damage)
             ... with a bolt of electricity
             ... on level 6 of the Dungeon.
             The game lasted 00:07:36 (4145 turns).

Peloso the Covered (Minotaur Fighter)               Turns: 4145, Time: 00:07:38

Health: -2/61      AC: 10    Str: 21    XL:     7   Next: 56%
Magic:  6/6        EV:  6    Int:  5    God:    Okawaru [*.....]
Gold:   173        SH: 13    Dex: 11    Spells: 6/6 levels left

rFire   . . .        a - +0 long sword
rCold   . . .        d - +0 tower shield
rNeg    . . .        k - +0 chain mail
rPois   .            (helmet restricted)
rElec   .            s - scarf {shadows}
rCorr   .            (no gloves)
SInv    .            (no boots)
Will    .....        (no amulet) Stlth
                     (no ring)
HPRegen 0.30/turn    (no ring)
MPRegen 0.10/turn

%: no passive effects
@: no status effects
A: horns 2, retaliatory headbutt
a: Renounce Religion, Heroism


You were on level 6 of the Dungeon.
You worshipped Okawaru.
Okawaru was aware of your devotion.
You visited 2 branches of the dungeon, and saw 7 of its levels.

You collected 218 gold pieces.
You spent 45 gold pieces at shops.

Inventory:

Hand Weapons
 a - a +0 long sword (weapon)
Armour
 b - a +0 scale mail
 c - a +0 buckler
 d - a +0 tower shield (worn)
 k - a +0 chain mail (worn)
 s - a scarf of shadows (worn)
Jewellery
 i - a ring of fire
 o - the ring of Suspected Treachery {rN+ rCorr Str+4 Int-5 SInv}
   (You found it on level 4 of the Dungeon)

   [ring of resist corrosion]

   Str:       It affects your strength (+4).
   Int:       It affects your intelligence (-5).
   rN:        It protects you from negative energy.
   SInv:      It lets you see invisible.
   rCorr:     It protects you from acid and corrosion.
 t - a +6 ring of intelligence
Wands
 n - a wand of quicksilver (7)
Scrolls
 e - a scroll of summoning {unknown}
 f - 2 scrolls of teleportation
 j - 3 scrolls of identify
 l - a scroll of magic mapping
 m - 2 scrolls of brand weapon
 p - a scroll of poison
 q - 4 scrolls of blinking {unknown}
Potions
 g - 7 potions of curing
 h - a potion of might
 r - 3 potions of heal wounds {unknown}
 u - a potion of brilliance {unknown}


   Skills:
 + Level 5.0 Fighting
 + Level 6.0 Long Blades
 + Level 6.3 Armour
 + Level 1.4 Dodging
 + Level 0.2 Stealth
 + Level 6.3 Shields
 + Level 0.7 Evocations


You had 6 spell levels left.
You didn't know any spells.
Your spell library contained the following spells:

 Spells                   Type           Power      Damage    Failure   Level
 Apportation              Tloc           0%         N/A       100%        1
 Magic Dart               Conj           0%         1d3       100%        1
 Necrotise                Necr           0%         1d4       100%        1
 Mephitic Cloud           Conj/Pois/Air  0%         N/A       100%        3
 Summon Small Mammal      Summ           Unusable   N/A       N/A         1
 Call Imp                 Summ           Unusable   N/A       N/A         2

Dungeon Overview and Level Annotations

Branches:
Dungeon (6/15)             Temple (1/1) D:4

Altars:
Ashenzari
Cheibriados
Dithmenos
Elyvilon
Fedhas
Gozag
Hepliaklqana
Makhleb
Nemelex Xobeh
Okawaru
Qazlal
Ru
Sif Muna
Trog
Uskayaw
Vehumet
Wu Jian
Xom
Yredelemnul
The Shining One

Shops:
D:4 *(*(


Innate Abilities, Weirdness & Mutations

You have a pair of horns on your head.
You reflexively headbutt those who attack you in melee.


Message History

The electric eel shoots out a bolt of lightning at you!
The bolt of electricity hits the plant!
The bolt of electricity hits you!
You see here 21 gold pieces.
An orc comes into view. It is wielding a +0 dagger.
You see here 3 gold pieces.
You closely miss the electric eel.
A nearby plant withers and dies.
An orc comes into view. It is wielding a +0 dagger.
You completely miss the electric eel.
The electric eel shoots out a bolt of lightning at you!
The bolt of electricity hits you! The bolt of electricity misses you.
The bolt of electricity hits the electric eel.
The electric eel completely resists.
You barely miss the electric eel. Your headbutt misses the electric eel.
The electric eel shoots out a bolt of lightning at you!
The bolt of electricity hits you. x2
The bolt of electricity hits the electric eel.
The electric eel completely resists.
The electric eel shoots out a bolt of lightning at you!
The bolt of electricity hits you!
* * * LOW HITPOINT WARNING * * *
The bolt of electricity hits you.
* * * LOW HITPOINT WARNING * * *
The bolt of electricity hits the electric eel.
The electric eel completely resists.
Okay, then.
You closely miss the electric eel. You headbutt the electric eel.
The electric eel is moderately wounded.
An orc comes into view. It is wielding a +0 hand axe.
Unknown command.
You miss the electric eel.
The electric eel is moderately wounded.
The orc hits you but does no damage.
Unknown command.
You miss the electric eel.
The electric eel is moderately wounded.
The electric eel shoots out a bolt of lightning at you!
The bolt of electricity hits you!
* * * LOW HITPOINT WARNING * * *
The bolt of electricity hits you.
You die...

.#..##≈≈≈ .#.
....#≈≈≈##...
..~.≈≈≈≈P..##
..~≈~≈≈P....#.
..~≈≈≈~~~.....
.~~≈~S.~....#.
~≈≈≈P.@o.....
≈≈≈~~~$.o.#o.
≈≈~~.~..#.#...
~≈.~~..<....#
~~~...#####.#
.P.... #
P..... ....#.
###


You could see an electric eel and 3 orcs.

Vanquished Creatures
  Sigmund (D:5)
  Edmund (D:5)
  An ogre (D:5)
  Blork the orc (D:5)
  2 jellies
  A hound (D:5)
  A sleepcap (D:5)
  An iguana (D:5)
  5 gnolls
  7 adders
  A worm (D:2)
  3 dart slugs
  2 orcs
  6 bats
  10 endoplasms
  2 giant cockroaches
  9 goblins
  6 hobgoblins
  2 jackals (D:1)
  5 quokkas
  10 ball pythons
  4 frilled lizards
  8 kobolds
  4 rats
93 creatures vanquished.

Notes
Turn   | Place    | Note
-------+----------+-------------------------------------------
     0 | D:1      | Peloso the Minotaur Fighter began the quest for the Orb.
     0 | D:1      | Reached XP level 1. HP: 19/19 MP: 0/0
    50 | D:1      | Reached XP level 2. HP: 22/27 MP: 1/1
   266 | D:1      | Reached XP level 3. HP: 33/33 MP: 2/2
  1125 | D:2      | Reached XP level 4. HP: 40/40 MP: 3/3
  1919 | D:3      | Found a glowing golden altar of the Shining One.
  2237 | D:4      | Identified the ring of Suspected Treachery {rN+ rCorr Str+4
                  | Int-5 SInv}
  2529 | D:4      | Reached XP level 5. HP: 46/47 MP: 4/4
  2566 | D:4      | Found Suogg's Weapon Shoppe.
  2568 | D:4      | Found Woijib's Weapon Shoppe.
  2568 | D:4      | Found Cuguh's Assorted Antiques.
  2576 | D:4      | Found Lyun's General Store.
  2590 | D:4      | Reached skill level 1 in Dodging
  2700 | D:4      | Bought a scroll labelled BYIVUDO HYOTZ for 24 gold pieces
  2700 | D:4      | Bought a silvery potion for 21 gold pieces
  2872 | D:4      | Found a staircase to the Ecumenical Temple.
  2883 | Temple   | Entered the Ecumenical Temple
  2916 | Temple   | Became a worshipper of Warmaster Okawaru
  3066 | D:5      | Entered Level 5 of the Dungeon
  3082 | D:5      | Noticed an ogre
  3085 | D:5      | Killed an ogre
  3086 | D:5      | Reached skill level 5 in Armour
  3086 | D:5      | Reached skill level 5 in Shields
  3091 | D:5      | Reached XP level 6. HP: 53/53 MP: 5/5
  3201 | D:5      | Noticed Blork the orc
  3209 | D:5      | Killed Blork the orc
  3312 | D:5      | Reached skill level 5 in Long Blades
  3377 | D:5      | Noticed Edmund
  3395 | D:5      | Killed Edmund
  3395 | D:5      | Reached * piety under Okawaru
  3396 | D:5      | Reached XP level 7. HP: 26/60 MP: 6/6
  3644 | D:5      | Noticed Sigmund
  3968 | D:5      | Killed Sigmund
  3969 | D:5      | Reached skill level 5 in Fighting
  3993 | D:5      | Found a sparkling altar of Nemelex Xobeh.
  4145 | D:6      | Killed from afar by an electric eel

Illustrated notes

Levels and vault maps discovered:
D:1:      lightli_arrival_lavapool, layout_rooms, minmay_tetromino_l4
D:2:      layout_basic
D:3:      layout_loops_ring, tso_altar
D:4:      layout_cave_pools, minmay_temple_entry_junction, minivault_23,
          minmay_shop_grid_forest
D:5:      layout_basic, mainiacjoe_overflow_six_doors_small, minivault_4,
          uniq_edmund, uniq_blork_the_orc, uniq_sigmund
D:6:      layout_basic, gammafunk_ghost_abyssal_escape, chequers_big_river,
          corner_web_ring, lemuel_flame_loot_1, uniq_crazy_yiuf_cottage,
          uniq_duvessa
Temple:   nicolae_temple_bog_church

Skill      XL: |  1  2  3  4  5  6  7 |
---------------+----------------------+-----
Long Blades    | 3 4 5 6 |  6.0
Shields        | 4 5 6 |  6.3
Armour         | 4 5 6 |  6.3
Fighting       | 4 5 |  5.0
Dodging        | 1 |  1.4
Stealth        | |  0.2
Evocations     | |  0.7

Action                     |  1- 3 |  4- 6 |  7- 9 || total
---------------------------+-------+-------+-------++-------
  Melee: Long sword        |    94 |   126 |    48 ||   268
         Headbutt          |    10 |    25 |     6 ||    41
  Evoke: Wand              |       |     7 |     3 ||    10
    Use: Scroll            |     4 |     2 |     1 ||     7
         Potion            |     4 |       |       ||     4
 Armour: Scale mail        |    63 |    13 |       ||    76
         Chain mail        |       |    58 |    24 ||    82
  Dodge: Dodged            |    59 |    31 |    11 ||   101
  Block: Buckler           |    32 |     6 |       ||    38
         Tower shield      |       |    77 |    34 ||   111
